 Dungeon Crawl Stone Soup version 0.19-a0-892-g8a19e52 (webtiles) character file.

119 tsouns the Sneak (level 4, -4/35 HPs)
             Began as a Demonspawn Assassin on July 4, 2016.
             Killed from afar by Gagarin's ghost (19 damage)
             ... with a spray of energy
             ... on level 4 of the Dungeon.
             The game lasted 00:09:53 (2912 turns).

tsouns the Sneak (Demonspawn Assassin)              Turns: 2912, Time: 00:09:53

Health: -4/35      AC:  3    Str: 11    XL:     4   Next: 73%
Magic:  4/4        EV: 17    Int: 13    God:
Gold:   132        SH:  0    Dex: 20    Spells: 0 memorised, 3 levels left

rFire  . . .     SeeInvis .     l - +0 dagger (venom)
rCold  . . .     Gourm    .     c - +0 robe
rNeg   . . .     Faith    .     (no shield)
rPois  .         Spirit   .     w - +0 hat
rElec  .         Dismiss  +     d - +0 cloak
rCorr  .         Reflect  .     (no gloves)
SustAt .         Harm     .     (no boots)
MR     .....                    t - amulet of dismissal
Stlth  ++........               (no ring)
                                (no ring)

@: confused, agile, lethally poisoned (-4 -> -11), flying, not resistant to
hostile enchantments, unstealthy
A: horns 1, powered by pain 1
a: no special abilities


You were on level 4 of the Dungeon.
You were not hungry.

You visited 1 branch of the dungeon, and saw 4 of its levels.

You collected 132 gold pieces.

Inventory:

Hand Weapons
 a - a +2 dagger
 b - a +0 blowgun
 l - a +0 dagger of venom (weapon)
Missiles
 e - 5 poisoned needles
 f - 9 curare-tipped needles
 h - 116 stones (quivered)
Armour
 c - a +0 robe (worn)
 d - a +0 cloak (worn)
 w - a +0 hat (worn)
Jewellery
 t - an amulet of dismissal (around neck)
Scrolls
 j - 2 scrolls of random uselessness
 k - a scroll of immolation
 m - 3 scrolls of remove curse
 r - 3 scrolls of teleportation
 A - a scroll of recharging
Potions
 n - a potion of mutation
 p - 2 potions of lignification
 q - a potion of degeneration
 u - a potion of agility
Comestibles
 g - 5 bread rations
 i - a beef jerky
 o - a meat ration
 s - a fruit


   Skills:
 + Level 3.2 Fighting
 + Level 3.0 Short Blades
 - Level 1.7 Throwing
 - Level 0.8 Dodging
 + Level 4.4 Stealth


You had 3 spell levels left.
You didn't know any spells.

Dungeon Overview and Level Annotations

Branches:
Dungeon (4/15)
 Temple: D:4-7

Altars:
Cheibriados

Annotations:
D:4 Gagarin's ghost, novice HECj


Innate Abilities, Weirdness & Mutations

You have a pair of small horns on your head.
You sometimes gain a little power by taking damage.


Message History

A worker ant comes into view.
You see here 5 gold pieces.
You feel agile all of a sudden.
It was a potion of flight.
You feel very buoyant.
You fly up into the air.
Gagarin's ghost casts a spell at you. The magic dart hits you!
* * * LOW HITPOINT WARNING * * *
Unknown command.
It was a potion of ambrosia.
You are more confused.
You feel invigorated. Gagarin's ghost hits you.
You are poisoned.
You feel sick. Gagarin's ghost casts a spell at you.
The spray of energy hits you!
Ouch! That really hurt!
You die...

.?... .# #..#. .##
#... ##.. ##..# ...
.... ..### ##..###
....##..
#..aW.###.......
#.@.##...#
##.......##
#.......##...#####
....###.#.##...<...#
#. #.#...§§§....#
#..###.§§....# ##.
#§....### #.
#§##...#
#...§§###..$....


You could see a worker ant and Gagarin's ghost.

Vanquished Creatures
  3 gnolls (D:2)
  2 adders (D:2)
  An ooze (D:2)
  3 worms
  A dart slug (D:3)
  A giant gecko (D:2)
  An orc (D:3)
  3 ball pythons
  4 giant cockroaches
  5 hobgoblins
  3 jackals (D:1)
  4 kobolds
  2 quokkas
  7 bats
  8 giant newts
  4 goblins
  2 quokka skeletons (D:4)
  5 rats
59 creatures vanquished.

Notes
Turn   | Place    | Note
-------+----------+-------------------------------------------
     0 | D:1      | tsouns the Demonspawn Assassin began the quest for the Orb.
     0 | D:1      | Reached XP level 1. HP: 16/16 MP: 1/1
   279 | D:1      | Gained mutation: You have a pair of small horns on your head. [demonic ancestry]
   279 | D:1      | Reached XP level 2. HP: 22/22 MP: 2/2
  1020 | D:2      | Reached skill level 4 in Stealth
  1033 | D:2      | Gained mutation: You sometimes gain a little power by taking damage. [demonic ancestry]
  1033 | D:2      | Reached XP level 3. HP: 21/28 MP: 3/3
  1348 | D:2      | Reached XP level 4. HP: 21/34 MP: 4/4
  1537 | D:2      | Found a faded altar of an unknown god.
  2055 | D:3      | Found a snail-covered altar of Cheibriados.
  2904 | D:4      | Noticed Gagarin's ghost (novice HECj)
  2912 | D:4      | Killed from afar by Gagarin's ghost

Vault maps used:
D:1:      dpeg_arrival_rhombi
D:2:      ecumenical_altar_2
D:3:      first_bread, kennysheep_slug_shrine
D:4:      portal_sewer_entry_b

Skill      XL: |  1  2  3  4 |
---------------+-------------+-----
Short Blades   | 2 3 |  3.0
Stealth        | 4 |  4.4
Fighting       | 3 |  3.2
Throwing       | |  1.7
Dodging        | |  0.8

Action                   |  1- 3 |  4- 6 || total
-------------------------+-------+-------++-------
Melee: Dagger            |    65 |    53 ||   118
       Headbutt          |    14 |    12 ||    26
 Fire: Blowgun           |    18 |     6 ||    24
  Use: Scroll            |       |    11 ||    11
       Potion            |       |     3 ||     3
 Stab: Sleeping          |     3 |     6 ||     9
       Distracted        |       |     2 ||     2
  Eat: Chunk             |     1 |     5 ||     6
Armor: Robe              |    10 |    11 ||    21
Dodge: Dodged            |    32 |    25 ||    57
